AoeStats
← [NICE_ASS] BigMasi

Golden Pit

507445943Analyzed
1v1 RM · 14d ago on Sep 18, 2026· 54m 25s· 2 players
Game mode
Random Map
Map size
Tiny (2 player)
Population
200
Speed
Normal
Resources
Standard
Victory
Conquest
Starting age
Dark Age
Ending age
Imperial Age
RankedLock teamsTeams togetherTeam positionsShared explorationLock speedFull tech treeHidden civsTurbo modeCheats
Victory
Defeat
🇨🇭 Vietnamese · Switzerland
1292
+13
🇹🇼 Poles · Taiwan
1236
-13
[NICE_ASS] BigMasi
7:08 Loom
11:43 Feudal Age
12:34 Double-Bit Axe
16:19 Horse Collar
19:39 Castle Age
18:31 Scale Mail Armor
18:41 Forging
20:52 Bow Saw
22:25 Wheelbarrow
22:24 Chain Mail Armor
25:07 Squires
27:49 Iron Casting
28:00 Pikeman
31:13 Fletching
31:33 Gold Mining
31:33 Stone Mining
34:43 Bodkin Arrow
34:59 Stone Mining
36:12 Padded Archer Armor
40:55 Imperial Age
40:13 Leather Archer Armor
40:22 Scale Barding Armor
40:44 Ballistics
43:04 Bracer
43:22 Murder Holes
45:48 Ring Archer Armor
48:46 Hand Cart
48:14 Halberdier
50:09 Plate Mail Armor
50:07 Scale Barding Armor
52:09 Two-Man Saw
51:42 Scale Barding Armor
52:03 Paper Money
52:30 Town Watch
53:18 Elite Rattan Archer
54:11 Siege Engineers
55:07 Chemistry
b01204010
7:36 Loom
9:50 Feudal Age
10:43 Double-Bit Axe
10:42 Horse Collar
19:53 Castle Age
18:38 Forging
18:45 Bloodlines
19:38 Scale Barding Armor
21:27 Husbandry
21:32 Gold Mining
21:12 Light Cavalry
23:48 Stone Mining
32:09 Fletching
33:07 Heavy Plow
34:41 Wheelbarrow
41:00 Imperial Age
42:59 Cavalier
48:54 Iron Casting
54:39 Crop Rotation
54:56 Szlachta Privileges
Connection lost

Rejoining the realm…

Still unreachable

The connection could not be restored.

Session expired

The server has moved on; the page needs a fresh start.